 Dungeon Crawl Stone Soup version 0.28.0-45-g0d030f2227 (webtiles) character file.

Game seed: 9854637168338881556

70 McKennaii the Conjurer (level 4, 30/30 HPs)
             Began as a Demonspawn Conjurer on Apr 14, 2022.
             Quit the game on level 3 of the Dungeon.
             The game lasted 00:01:18 (2355 turns).

McKennaii the Conjurer (Demonspawn Conjurer)        Turns: 2355, Time: 00:01:19

Health: 30/30      AC:  2    Str:  7    XL:     4   Next: 3%
Magic:  7/8        EV: 12    Int: 22    God:
Gold:   80         SH:  0    Dex: 11    Spells: 6/9 levels left

rFire   . . .      SeeInvis .   (no weapon)
rCold   . . .      Faith    .   (no shield)
rNeg    . . .      Spirit   .   a - +0 robe
rPois   .          Reflect  .   (helmet restricted)
rElec   .          Harm     .   (no cloak)
rCorr   .          Rampage  .   (no gloves)
Will    .....                   (no boots)
Stlth   ++........              (no amulet)
HPRegen 0.10/turn               (no ring)
MPRegen 0.11/turn               (no ring)

@: no status effects
A: antennae 2, spiny 1
a: no special abilities


You were on level 3 of the Dungeon.
You visited 1 branch of the dungeon, and saw 3 of its levels.

You collected 80 gold pieces.

Inventory:

Armour
 a - a +0 robe (worn)
Scrolls
 b - a scroll of blinking {unknown}
 c - 2 scrolls of teleportation {unknown}
 g - a scroll of identify {unknown}
 j - a scroll of immolation {unknown}
 l - a scroll of noise {unknown}
 m - a scroll of magic mapping {unknown}
Potions
 d - a potion of flight {unknown}
 e - 2 potions of brilliance {unknown}
 f - a potion of magic {unknown}
 h - a potion of ambrosia {unknown}
 i - a potion of attraction {unknown}
 k - 3 potions of lignification {unknown}


   Skills:
 - Level 1.7 Dodging
 - Level 1.7 Stealth
 + Level 3.1 Spellcasting
 + Level 4.8 Conjurations


You had 6 spell levels left.
You knew the following spells:

 Your Spells              Type           Power      Damage    Failure   Level
a - Magic Dart            Conj           100%       1d8       1%          1
b - Searing Ray           Conj           50%        2d6       2%          2

Your spell library contained the following spells:

 Spells                   Type           Power      Damage    Failure   Level
 Sandblast                Erth           6%         2d5       12%         1
 Dazzling Flash           Conj/Hex       28%        N/A       14%         3
 Stone Arrow              Conj/Erth      28%        3d8       14%         3
 Passwall                 Tmut/Erth      2%         N/A       19%         2
 Fulminant Prism          Conj/Hex       7%         3d7       41%         4
 Iskenderun's Mystic Bla  Conj/Tloc      14%        2d5       41%         4


Dungeon Overview and Level Annotations

Branches:
Dungeon (3/15)

Altars:


Innate Abilities, Weirdness & Mutations

You have a pair of antennae on your head.
You are partially covered in sharp spines.


Message History

You kill the kobold!
A hobgoblin comes into view.
The magic dart hits the hobgoblin but does no damage.
A hobgoblin is nearby!
The magic dart hits the hobgoblin.
The hobgoblin is severely wounded.
A hobgoblin is nearby!
The magic dart hits the hobgoblin.
You kill the hobgoblin!
An adder comes into view.
The adder hisses angrily.
The magic dart hits the adder.
The adder is moderately wounded.
An adder is nearby!
An adder is nearby!
The magic dart hits the adder.
The adder is almost dead.
An adder is nearby!
The magic dart hits the adder.
You kill the adder!
You have reached level 4!
You feel clever.
Your demonic ancestry asserts itself...
Sharp spines emerge from parts of your body.
You can't see any susceptible monsters within range! (Use Z to cast anyway.)
You now have 68 gold pieces (gained 4).
A hobgoblin comes into view.
The hobgoblin shouts!
The magic dart hits the hobgoblin but does no damage.
A hobgoblin is nearby!
The magic dart hits the hobgoblin!
You kill the hobgoblin!
You see here a hobgoblin corpse.
You now have 80 gold pieces (gained 12).
m - a scroll labelled MAEFUGE FITHRED You can't see any susceptible monsters within range! (Use Z to cast anyway.)
A ball python comes into view.
The magic dart hits the ball python.
The ball python is severely wounded.
The ball python hisses angrily.
Are you sure you want to abandon this character and quit the game? (Confirm with "yes".)

###......
#......S.
#......# #.....#
#.....# #.....#
#.....# #@....##
##.....# #.....#
#.....# #.....#
#...... #.....#
#......
#.....###.....
#............
#...#......######


You could see a ball python.

Vanquished Creatures
  3 adders
  10 ball pythons
  4 bats
  3 endoplasms
  2 giant cockroaches (D:1)
  3 goblins
  3 hobgoblins (D:3)
  4 kobolds
  5 quokkas
  A frilled lizard (D:2)
  A rat (D:2)
39 creatures vanquished.

Notes
Turn   | Place    | Note
-------+----------+-------------------------------------------
     0 | D:1      | McKennaii the Demonspawn Conjurer began the quest for the
                  | Orb.
     0 | D:1      | Reached XP level 1. HP: 13/13 MP: 3/3
   321 | D:1      | Gained mutation: You have a pair of small antennae on your
                  | head. [demonic ancestry]
   321 | D:1      | Reached XP level 2. HP: 19/19 MP: 1/5
  1233 | D:2      | Gained mutation: You have a pair of antennae on your head.
                  | [demonic ancestry]
  1233 | D:2      | Reached XP level 3. HP: 8/24 MP: 1/7
  1649 | D:2      | Found a faded altar of an unknown god.
  1895 | D:2      | Learned a level 2 spell: Searing Ray
  2187 | D:3      | Gained mutation: You are partially covered in sharp spines.
                  | [demonic ancestry]
  2187 | D:3      | Reached XP level 4. HP: 30/30 MP: 4/8
  2355 | D:3      | Quit the game

Illustrated notes

Levels and vault maps discovered:
D:1:      minmay_arrival_loop, layout_basic, serial_aquarium,
          aquarium_bridge_long_joined [aquarium_subvault_window,
          aquarium_subvault_wall, aquarium_subvault_bridge,
          aquarium_subvault_wall, aquarium_subvault_wall,
          aquarium_subvault_balcony], aquarium_bridge_square
          [aquarium_subvault_wall, aquarium_subvault_bridge,
          aquarium_subvault_wall, aquarium_subvault_wall], aquarium_window_3,
          aquarium_window_1, aquarium_window_fake, aquarium_window_double,
          aquarium_view_2c, aquarium_pool_S
D:2:      layout_rooms, hellmonk_ecumenical_altar_lost_god
D:3:      layout_basic, hex_intersection

Skill      XL: |  1  2  3 |
---------------+----------+-----
Spellcasting   | 3 |  3.1
Dodging        | |  1.7
Stealth        | |  1.7
Conjurations   | |  4.8

Action                   |  1- 3 |  4- 6 || total
-------------------------+-------+-------++-------
Melee: Unarmed           |    24 |       ||    24
 Cast: Magic Dart        |    71 |     3 ||    74
Armor: Robe              |     2 |       ||     2
Dodge: Dodged            |    19 |       ||    19
